Arrhythmia, neutral female human Tourist ..... -...... |@[.....-- |.)..)..0| --.).)...| -..))... .... ..0 Arrhythmia the Sightseer Experience level: 5 Strength: 9 Dexterity: 16 Constitution: 16 Intelligence: 11 Wisdom: 6 Charisma: 18 Health: 0(45) Energy: 18(18) AC: 8 Gold: 1032 Moves: 1734 Your Inventory: Coins $ - 1032 gold pieces Weapons a - 23 uncursed +2 darts (in quiver) H - an [uncursed +0] silver short sword (weapon in hand) K - 5 [uncursed +0] darts Armor k - an uncursed +0 Hawaiian shirt (being worn) I - an [uncursed] +0 pair of high boots (being worn) O - an [uncursed +0] leather cloak Comestibles b - 2 uncursed Hot Futa Mare Dicks c - an uncursed pancake d - an uncursed tin of spinach e - an uncursed cram ration f - 2 uncursed oranges g - 2 uncursed tripe rations h - 3 uncursed food rations u - an [uncursed] lichen corpse Scrolls j - 4 uncursed scrolls of magic mapping v - an [uncursed] scroll labeled SODALG [of enchant weapon] w - an [uncursed] scroll labeled READ ME [of identify] Spellbooks x - an [uncursed] plaid spellbook [of cause fear] Potions i - 2 uncursed potions of extra healing y - an [uncursed] dark potion [of levitation] B - a [cursed] orange potion [of monster detection] Wands r - an uncursed wand of light [0:13] Tools l - an uncursed expensive camera (0:73) m - an uncursed credit card n - an uncursed towel M - an [uncursed] looking glass [mirror] Gems s - an uncursed violet gem [worthless glass] N - an [uncursed] black gem [worthless glass] Spells known in the end: Name Level Category Fail Memory Your skills at the end: Fighting Skills Weapon Skills dart [Basic / Expert] Spellcasting Skills Final Attributes: You were devoutly aligned. Hunger level was 342. Your alignment was 18 / 18. Monster difficulty range was 0 - 4. Level difficulty was 3. You were lucky (1). You are dead. Vanquished creatures: a small mimic 2 gnome lords 2 dwarves a giant bat 2 orc zombies 3 hobbits 5 giant rats 2 yellow molds a green mold a red mold 6 gnomes 2 geckos 6 jackals 2 goblins a sewer rat 6 lichens a kobold zombie 2 newts 46 creatures vanquished. Voluntary challenges: You used a wielded weapon 67 times. You read items or engraved 170 times. You put on armor 2 times. You never genocided any monsters. You never polymorphed an object. You never changed form. You used no wishes. You wrote Elbereth's name 98 times. You never encountered a bones level. You never used any Sokoban shortcuts. Dungeon overview: The Dungeons of Doom: levels 1 to 2 Level 1 some altars a long staircase Level 2 a weapon shop, some fountains stairs to The Gnomish Mines The Gnomish Mines: Level 3 <- You were here stairs to The Dungeons of Doom History has recorded: On T:1 you entered the Dungeons of Doom to retrieve the Amulet of Yendor! On T:359 you advanced to experience level 2. On T:482 you reached level 2 of The Dungeons of Doom. On T:631 you advanced to experience level 3. On T:1148 you advanced to experience level 4. On T:1294 you advanced to experience level 5. On T:1634 you reached level 1 of The Gnomish Mines. Latest messages: [HP+1=8] You add "Elbereth" with your fingers to the writing in the dust. You displaced Katia. You are almost hit by a dagger. It is missed. You are hit by an arrow. [HP-1=7] It is hit. a - an uncursed +2 dart (in quiver). [HP+1=8] You hear some noises. Katia bites the dwarf. The dwarf misses Katia. The dwarf hits! [HP-6=2] Something is written here in the dust. You read: "El?ercthEl}lrethElb?rethElberethElberethElberethElberethElberet?E~berethElberethElber%thElberethEl|Kr?thElberethElberethElbcreth". You add "Elbereth" with your fingers to the writing in the dust. (2x) [HP+1=3] You add "Elbereth" with your fingers to the writing in the dust. (7x) [HP+1=4] You add "Elbereth" with your fingers to the writing in the dust. (6x) You hear some noises. You are hit by an arrow! You die... Final status: Aloha Arrhythmia the Tourist... You died in The Gnomish Mines on dungeon level 3 with 1324 points, and 1032 pieces of gold, after 1734 moves. You were level 5 with a maximum of 45 hit points when you died.